 Dungeon Crawl Stone Soup version 0.30-a0-772-g5528072125 (webtiles) character file.

Game seed: 14550179770223964963

12245 pokeman the Eclecticist (level 11, -5/57 HPs)
             Began as a Deep Elf Hedge Wizard on Feb 12, 2023.
             Was a Priest of Vehumet.
             Killed by miscasting Iron Shot (8 damage)
             ... on level 12 of the Dungeon on Feb 13, 2023.
             The game lasted 00:35:12 (12416 turns).

pokeman the Eclecticist (Deep Elf Hedge Wizard)    Turns: 12416, Time: 00:35:13

Health: -5/57      AC:  9    Str:  7    XL:     11   Next: 59%
Magic:  4/32       EV: 12    Int: 30    God:    Vehumet [***...]
Gold:   338        SH:  5    Dex: 14    Spells: 20/40 levels left

rFire   + . .      SeeInvis .    r - +4 dagger (venom)
rCold   . . .      Faith    .    n - +0 buckler
rNeg    . . .      Spirit   .    P - +2 robe {Will+}
rPois   .          Reflect  .    W - +1 helmet
rElec   .          Harm     .    K - +0 cloak
rCorr   .          Rampage  .    C - +0 pair of gloves
Will    ++...                    u - +0 pair of boots
Stlth   ++                       t - amulet of magic regeneration
HPRegen 0.29/turn                I - +6 ring of intelligence
MPRegen 0.63/turn                g - ring of protection from fire

@: very slightly contaminated
A: no striking features
a: Renounce Religion


You were on level 12 of the Dungeon.
You worshipped Vehumet.
Vehumet was most pleased with you.
You visited 2 branches of the dungeon, and saw 13 of its levels.

You collected 764 gold pieces.
You spent 426 gold pieces at shops.

Inventory:

Hand Weapons
 r - a +4 dagger of venom (weapon)
Missiles
 Q - a throwing net
 V - a curare-tipped dart
Armour
 n - a +0 buckler (worn)
 u - a +0 pair of boots (worn)
 C - a +0 pair of gloves (worn)
 K - a +0 cloak (worn)
 P - a +2 robe of willpower (worn)
 W - a +1 helmet (worn)
Magical Staves
 b - a staff of poison
Jewellery
 g - a ring of protection from fire (right hand)
 l - a ring of see invisible
 t - an amulet of magic regeneration (around neck)
 H - a ring of fire
 I - a +6 ring of intelligence (left hand)
Wands
 q - a wand of digging (7)
 y - a wand of polymorph (18)
 F - a wand of paralysis (11)
Scrolls
 a - 3 scrolls of blinking
 v - 4 scrolls of teleportation
 A - a scroll of amnesia
 M - a scroll of noise {unknown}
 N - a scroll of magic mapping
 R - a scroll of vulnerability {unknown}
 T - 2 scrolls of poison {unknown}
Potions
 d - 7 potions of magic
 e - 10 potions of heal wounds
 h - 14 potions of curing
 m - 2 potions of haste
 G - 3 potions of resistance {unknown}
 J - 2 potions of lignification {unknown}
 S - a potion of invisibility {unknown}
Miscellaneous
 x - a phial of floods


   Skills:
 - Level 2.0 Fighting
 + Level 3.0 Armour
 - Level 3.0 Dodging
 - Level 3.1 Stealth
 - Level 5.0 Shields
 * Level 15.1 Spellcasting
 + Level 8.8 Conjurations
 + Level 8.0 Summonings
 - Level 1.1 Translocations
 + Level 4.1 Fire Magic
 - Level 1.0 Air Magic
 - Level 4.2 Earth Magic
 - Level 1.0 Poison Magic
 - Level 1.0 Evocations


You had 20 spell levels left.
You knew the following spells:

 Your Spells              Type           Power      Damage    Failure   Level
a - Magic Dart            Conj           100%       1d8       1%          1
b - Mephitic Cloud        Conj/Pois/Air  44%        N/A       1%          3
c - Call Imp              Summ           63%        N/A       1%          2
d - Blink                 Tloc           58%        N/A       2%          2
e - Foxfire               Conj/Fire      100%       2x1d9     1%          1
f - Iskenderun's Battles  Conj           66%        2d12      1%          5
g - Iron Shot             Conj/Erth      29%        9d6       7%          6

Your spell library contained the following spells:

 Spells                   Type           Power      Damage    Failure   Level
 Sticky Flame             Conj/Fire      58%        2d7       1%          4
 Slow                     Hex            88%        N/A       2%          1
 Frozen Ramparts          Ice            44%        1d7       2%          3
 Lightning Bolt           Conj/Air       25%        1d41      2%          5
 Cigotuvi's Dreadful Rot  Necr/Pois/Air  52%        N/A       3%          2
 Airstrike                Air            14%        2d(2-18)  4%          4
 Summon Ice Beast         Ice/Summ       46%        N/A       4%          4
 Summon Lightning Spire   Summ/Air       49%        N/A       4%          4
 Passage of Golubria      Tloc           29%        N/A       17%         4
 Spellforged Servitor     Conj/Summ      32%        N/A       17%         7
 Ice Form                 Ice/Tmut       22%        N/A       26%         4
 Silence                  Hex/Air        12%        N/A       52%         5
 Lehudib's Crystal Spear  Conj/Erth      29%        10d8      94%         8


Dungeon Overview and Level Annotations

Branches:
Dungeon (12/15)            Temple (1/1) D:5            Lair (0/5) D:10
    Orc (0/2) D:11

Altars:
Ashenzari
Cheibriados
Dithmenos
Elyvilon
Fedhas
Gozag
Hepliaklqana
Kikubaaqudgha
Makhleb
Nemelex Xobeh
Okawaru
Qazlal
Ru
Sif Muna
Trog
Uskayaw
Vehumet
Wu Jian
Xom
Yredelemnul
Zin
The Shining One

Shops:
D:5 !![(   D:8 ((?!!   D:9 (


Message History

Confirm with . or Enter, or press ? or * to list all spells.
The spell is quite dangerous to miscast (7% risk of failure)!
Continue anyway?
Aiming: Iron Shot (quite dangerous; 7% risk of failure)
Press: ? - help, Shift-Dir - straight line, f/p - demonic crawler
Aim: a demonic crawler (moderately wounded, 86% to hit)
The iron shot hits the demonic crawler!!
The demonic crawler is severely wounded.
Casting: Iron Shot (quite dangerous; 7% risk of failure)
Confirm with . or Enter, or press ? or * to list all spells.
The spell is quite dangerous to miscast (7% risk of failure)!
Continue anyway?
Aiming: Iron Shot (quite dangerous; 7% risk of failure)
Press: ? - help, Shift-Dir - straight line, f/p - demonic crawler
Aim: a demonic crawler (heavily wounded, 86% to hit)
You miscast Iron Shot.
You are very lightly contaminated with residual magic.
The air around you crackles with energy!
The demonic crawler hits you! You block the demonic crawler's attack.
The demonic crawler hits you!
Casting: Iron Shot (quite dangerous; 7% risk of failure)
Confirm with . or Enter, or press ? or * to list all spells.
The spell is quite dangerous to miscast (7% risk of failure)!
Continue anyway?
Aiming: Iron Shot (quite dangerous; 7% risk of failure)
Press: ? - help, Shift-Dir - straight line, f/p - demonic crawler
Aim: a demonic crawler (heavily wounded, 86% to hit)
The iron shot hits the demonic crawler!!
The demonic crawler is severely wounded.
The demonic crawler hits you!
* * * LOW HITPOINT WARNING * * *
The demonic crawler hits you.
* * * LOW HITPOINT WARNING * * *
The demonic crawler hits you!
* * * LOW HITPOINT WARNING * * *
Casting: Iron Shot (quite dangerous; 7% risk of failure)
Confirm with . or Enter, or press ? or * to list all spells.
The spell is quite dangerous to miscast (7% risk of failure)!
Continue anyway?
Aiming: Iron Shot (quite dangerous; 7% risk of failure)
Press: ? - help, Shift-Dir - straight line, f/p - demonic crawler
Aim: a demonic crawler (severely wounded, 86% to hit)
You miscast Iron Shot.
You feel a strange surge of energy!
You die...

#...........# ####
#...........########...
#...........'.≈≈≈≈≈≈~~~
#...........##~≈≈≈≈≈~≈~
#####.###'#~~≈≈≈≈≈≈≈≈≈≈
#.# #≈≈≈≈≈≈≈≈≈≈≈≈≈≈ #.#
#≈≈≈≈≈≈≈≈≈≈≈≈≈≈
#.###≈≈≈≈≈≈≈≈≈≈≈≈≈≈
#.@#####≈≈≈≈≈≈≈≈≈≈≈
##s# #~~≈≈≈≈≈≈≈≈ ##.#
#...~≈≈≈≈≈≈ #.≈#
##...~≈~≈~~ #.≈#
#.....#... ##s##
#.....#.## #.≈#
#####...#. #.≈≈.#
####.. #.≈≈.# #...


You could see 2 demonic crawlers.

Vanquished Creatures
  Snorg (D:10)
  2 two-headed ogres
  An ugly thing (D:11)
  Maurice (D:8)
  Joseph (D:9)
  2 gargoyles
  An unseen horror (D:7)
  Psyche (D:9)
  2 trolls
  3 meliai (D:12)
  Grinder (D:4)
  4 wraiths
  A water elemental (D:12)
  7 yaks
  2 vampires (D:11)
  Grum (D:11)
  10 vampire mosquitoes
  An acid dragon (D:10)
  4 orc warriors
  2 sky beasts
  3 wolves (D:11)
  2 ogres
  2 centaurs
  3 kobold brigands
  A gnoll sergeant (D:7)
  A necrophage (D:5)
  4 scorpions
  5 wights (D:9)
  An electric eel (D:12)
  7 howler monkeys
  A gnoll bouda (D:9)
  2 hounds
  4 jellies
  5 orc priests
  Natasha (thrice) (D:4)
  3 iguanas
  8 orc wizards
  A mummy (D:6)
  8 gnolls
  6 adders
  A white imp (D:5)
  An ufetubus (D:6)
  A worm (D:4)
  3 dart slugs
  26 orcs
  5 bats
  5 endoplasms
  2 giant cockroaches
  5 goblins
  4 hobgoblins
  A quokka (D:1)
  3 training dummies (D:9)
  7 ball pythons
  3 frilled lizards
  20 kobolds
  4 rats
  A foxfire (D:10)
210 creatures vanquished.

Vanquished Creatures (collateral kills)
  A water moccasin (D:7)
  An ice beast (D:5)
  An ogre (D:6)
  A howler monkey (D:7)
  An orc priest (D:10)
  An adder (D:3)
  A worm (D:3)
  An orc (D:3)
8 creatures vanquished.

Vanquished Creatures (others)
  2 water elementals (D:12)
  2 electric eels (D:12)
  211 foxfires
215 creatures vanquished.

Grand Total: 433 creatures vanquished

Notes
Turn   | Place    | Note
-------+----------+-------------------------------------------
     0 | D:1      | pokeman the Deep Elf Hedge Wizard began the quest for the
                  | Orb.
     0 | D:1      | Reached XP level 1. HP: 10/10 MP: 7/7
   419 | D:1      | Reached XP level 2. HP: 16/16 MP: 9/9
  1272 | D:2      | Reached skill level 5 in Spellcasting
  1347 | D:2      | Reached XP level 3. HP: 20/20 MP: 9/11
  1351 | D:2      | Learned a level 3 spell: Mephitic Cloud
  1354 | D:2      | Learned a level 2 spell: Call Imp
  1357 | D:2      | Learned a level 2 spell: Blink
  1690 | D:2      | Reached skill level 1 in Armour
  2015 | D:3      | Reached skill level 1 in Fighting
  2156 | D:3      | Found a blossoming altar of Fedhas.
  2269 | D:3      | Reached XP level 4. HP: 20/25 MP: 1/13
  2942 | D:4      | Found a glowing golden altar of the Shining One.
  3043 | D:4      | Reached skill level 6 in Spellcasting
  3045 | D:4      | Reached XP level 5. HP: 18/29 MP: 5/15
  3134 | D:4      | Identified the -1 cloak of Gehenna {rElec}
  3173 | D:4      | Noticed Grinder
  3223 | D:4      | Reached skill level 1 in Shields
  3332 | D:4      | Noticed Natasha
  3347 | D:4      | Killed Natasha
  3364 | D:4      | Reached skill level 1 in Evocations
  3364 | D:4      | Reached XP level 6. HP: 15/34 MP: 4/17
  3370 | D:4      | Reached skill level 7 in Spellcasting
  3799 | D:4      | Noticed Natasha
  3837 | D:4      | Killed Natasha
  3838 | D:4      | Reached skill level 1 in Air Magic
  3838 | D:4      | Reached skill level 1 in Poison Magic
  3917 | D:4      | Noticed Natasha
  3924 | D:4      | Killed Natasha
  4258 | D:4      | Killed Grinder
  4259 | D:4      | Reached skill level 8 in Spellcasting
  4259 | D:4      | Reached XP level 7. HP: 16/39 MP: 15/20
  4396 | D:5      | Entered Level 5 of the Dungeon
  4399 | D:5      | Found a staircase to the Ecumenical Temple.
  4428 | Temple   | Entered the Ecumenical Temple
  4643 | D:5      | Found Lofimic's Distillery.
  4675 | D:5      | Found a large runed translucent door.
  4676 | D:5      | Found a large runed translucent door.
  4929 | D:5      | Found Noapp's Distillery.
  4942 | D:5      | Bought a potion of degeneration for 10 gold pieces
  4942 | D:5      | Bought a potion of curing for 30 gold pieces
  4954 | D:5      | Found a radiant altar of Vehumet.
  4959 | D:5      | Became a worshipper of Vehumet
  5226 | D:5      | Found Biroath's Armour Boutique.
  5341 | D:5      | Found Qycuweun's Weapon Emporium.
  5664 | D:5      | Found a hide-covered altar of Uskayaw.
  5691 | D:5      | Reached XP level 8. HP: 30/44 MP: 22/22
  5707 | D:5      | Reached skill level 9 in Spellcasting
  5761 | D:5      | Found a sparkling altar of Nemelex Xobeh.
  5817 | D:6      | Reached skill level 5 in Conjurations
  5920 | D:6      | Found a shadowy altar of Dithmenos.
  5949 | D:6      | Reached skill level 10 in Spellcasting
  6252 | D:6      | Found a snail-covered altar of Cheibriados.
  6524 | D:7      | HP: 1/44 [howler monkey (5)]
  6526 | D:7      | Noticed an unseen horror
  6737 | D:7      | Reached XP level 9. HP: 48/48 MP: 23/25
  6957 | D:7      | Killed an unseen horror
  6958 | D:7      | Reached skill level 11 in Spellcasting
  6958 | D:7      | Reached skill level 5 in Summonings
  7379 | D:7      | Reached * piety under Vehumet
  7379 | D:7      | Offered knowledge of Sandblast by Vehumet.
  7694 | D:8      | Learned a level 6 spell: Iron Shot
  7700 | D:8      | Learned a level 5 spell: Iskenderun's Battlesphere
  7752 | D:8      | Found Rerez's Distillery.
  7759 | D:8      | Bought a potion of curing for 42 gold pieces
  7759 | D:8      | Bought a potion of curing for 42 gold pieces
  7986 | D:8      | Found Ficzeoti's Distillery.
  8002 | D:8      | Bought a potion of curing for 33 gold pieces
  8002 | D:8      | Bought a potion of curing for 33 gold pieces
  8002 | D:8      | Bought a potion of curing for 33 gold pieces
  8053 | D:8      | Found Atonne's Magic Scroll Emporium.
  8060 | D:8      | Bought a scroll of magic mapping for 105 gold pieces
  8060 | D:8      | Bought a scroll of identify for 28 gold pieces
  8060 | D:8      | Bought a scroll of identify for 28 gold pieces
  8128 | D:8      | Found a stormy altar of Qazlal.
  8139 | D:8      | Found Ceolirru's Antique Weapon Shoppe.
  8172 | D:8      | Found Ylytziy's Weapon Emporium.
  8201 | D:8      | Noticed Maurice
  8216 | D:8      | Killed Maurice
  8217 | D:8      | Reached skill level 1 in Earth Magic
  8319 | D:8      | Bought a scroll of teleportation for 42 gold pieces
  8842 | D:9      | Found a white marble altar of Elyvilon.
  8920 | D:9      | Reached skill level 12 in Spellcasting
  8982 | D:9      | Noticed Psyche
  8998 | D:9      | Killed Psyche
  8999 | D:9      | Reached XP level 10. HP: 12/53 MP: 28/28
  9202 | D:9      | Offered knowledge of Foxfire by Vehumet.
  9203 | D:9      | Reached ** piety under Vehumet
  9206 | D:9      | Learned a level 1 spell: Foxfire
  9336 | D:9      | Found Noroeff's Firing Range.
  9336 | D:9      | Noticed Joseph
  9349 | D:9      | Killed Joseph
  9350 | D:9      | Reached skill level 13 in Spellcasting
  9560 | D:10     | Entered Level 10 of the Dungeon
  9727 | D:10     | Found a staircase to the Lair.
  9767 | D:10     | Noticed a two-headed ogre
  9804 | D:10     | Killed a two-headed ogre
 10029 | D:10     | Found a shimmering altar of Xom.
 10030 | D:10     | Found a hazy altar of Hepliaklqana.
 10127 | D:10     | Noticed Snorg
 10138 | D:10     | Killed Snorg
 10139 | D:10     | Reached skill level 1 in Fire Magic
 10492 | D:10     | Found an opulent altar of Gozag.
 10536 | D:10     | Found a glowing silver altar of Zin.
 10658 | D:11     | Reached skill level 14 in Spellcasting
 10658 | D:11     | Offered knowledge of Poisonous Vapours by Vehumet.
 10661 | D:11     | Reached XP level 11. HP: 55/57 MP: 23/31
 10727 | D:11     | Noticed a green ugly thing
 10835 | D:11     | Killed a green ugly thing
 10836 | D:11     | Reached skill level 5 in Shields
 10844 | D:11     | Reached *** piety under Vehumet
 10930 | D:11     | Found a staircase to the Orcish Mines.
 10963 | D:11     | Noticed Grum
 10973 | D:11     | Killed Grum
 11385 | D:12     | Noticed a two-headed ogre
 11392 | D:12     | Killed a two-headed ogre
 11409 | D:12     | Offered knowledge of Sticky Flame by Vehumet.
 11486 | D:12     | Reached skill level 15 in Spellcasting
 12416 | D:12     | Killed by miscasting Iron Shot

Illustrated notes

Levels and vault maps discovered:
D:1:      minmay_arrival_jagged, layout_basic, serial_aquarium,
          aquarium_bridge_island_small [aquarium_subvault_small_water,
          aquarium_subvault_bridge, aquarium_subvault_bridge,
          aquarium_subvault_bridge, aquarium_subvault_balcony],
          aquarium_bridge_long_joined [aquarium_subvault_bridge,
          aquarium_subvault_balcony, aquarium_subvault_bridge,
          aquarium_subvault_window, aquarium_subvault_balcony,
          aquarium_subvault_wall], aquarium_window_double,
          aquarium_window_corner, aquarium_view_2a, aquarium_view_2d,
          minmay_misc_feat_x
D:2:      layout_basic
D:3:      minmay_inner_zag, layout_basic, mainiacjoe_overflow_24_doors,
          nicolae_figureground_pulse
D:4:      layout_layer_cave, mainiacjoe_overflow_paths, uniq_grinder,
          uniq_natasha
D:5:      layout_basic, jmf_multi_god_temple2, mainiacjoe_overflow_boulevard,
          temple_pool_b, serial_shops, nicolae_shop_statue_plus, shop,
          nicolae_shop_behind_doors, nicolae_shop_advertising_works
          [nicolae_subvault_shop_adworks], hangedman_decor_slide_cut,
          eino_tiny_chamber
D:6:      layout_rooms, mainiacjoe_overflow_catwalk, slow_altar_2,
          serial_bayou_crossing
D:7:      layout_basic
D:8:      nicolae_BIG_FREAKIN_CUBE, layout_basic,
          mainiacjoe_overflow_small_starburst, serial_shops,
          nicolae_square_shop, shop, nicolae_shop_hallway_stairs, shop,
          nicolae_shop_stone, chequers_serial_rivers_large_a,
          minmay_misc_feat_rows, nicolae_underground_beach, uniq_maurice
D:9:      layout_roguey, lemuel_tele_altar, nicolae_shop_firing_range,
          uniq_psyche, uniq_joseph
D:10:     layout_roguey, regret_index_temple_of_mockery,
          pdpol_temple_overflow_zin_treasury_gozag_greed, lair_entry_dummy,
          moated_statue, uniq_snorg
D:11:     layout_cave_pools, orc_0_dummy, uniq_grum
D:12:     cheibrodos_hippocracy, layout_basic
Temple:   dpeg_three_leaves_temple

Skill      XL: |  1  2  3  4  5  6  7  8  9 10 11 |
---------------+----------------------------------+-----
Spellcasting   | 5 6 8 10 12 14 15 | 15.1
Armour         | 1 2 3 |  3.0
Conjurations   | 2 3 4 5 7 8 |  8.8
Fighting       | 1 2 |  2.0
Dodging        | 3 |  3.0
Shields        | 1 2 3 4 5 |  5.0
Stealth        | 3 |  3.1
Evocations     | 1 |  1.0
Air Magic      | 1 |  1.0
Poison Magic   | 1 |  1.0
Summonings     | 2 3 4 6 7 8 |  8.0
Earth Magic    | 3 4 |  4.2
Fire Magic     | 2 4 |  4.1
Translocations | |  1.1

Action                     |  1- 3 |  4- 6 |  7- 9 | 10-12 || total
---------------------------+-------+-------+-------+-------++-------
  Melee: Dagger            |     3 |    34 |   115 |    60 ||   212
         War axe           |     9 |     3 |       |       ||    12
         Punch             |       |       |     1 |     2 ||     3
   Cast: Magic Dart        |    93 |    77 |   118 |    36 ||   324
         Mephitic Cloud    |     1 |    10 |    33 |    27 ||    71
         Call Imp          |     1 |     5 |    10 |     2 ||    18
         Blink             |       |       |     5 |     6 ||    11
         Iskenderun's Batt |       |       |     4 |    19 ||    23
         Foxfire           |       |       |       |   115 ||   115
         Iron Shot         |       |       |       |     7 ||     7
  Evoke: Wand              |       |       |       |     1 ||     1
    Use: Scroll            |       |       |       |    14 ||    14
   Stab: Sleeping          |     3 |       |       |     1 ||     4
         Confused          |     1 |     4 |    18 |     7 ||    30
 Armour: Robe              |     7 |     5 |    18 |    14 ||    44
  Dodge: Dodged            |    18 |    20 |    84 |    53 ||   175
  Block: Buckler           |       |       |       |    10 ||    10

Table legend: (Time is in decaauts)
 A = Elapsed time spent in this place.
 B = Non-inter-level travel time spent in this place.
 C = Inter-level travel time spent in this place.
 D = Time resting spent in this place.
 E = Time spent auto-exploring this place.
 F = Levels seen in this place.
 G = Mean time per level.
                   A        B        C        D        E       F      G
               +--------+--------+--------+--------+--------+-----+--------+
         Total |  12443 |  11659 |    784 |    609 |   9052 |  13 |  957.2 |
       Dungeon |  12311 |  11543 |    768 |    609 |   8994 |  12 | 1025.9 |
        Temple |    132 |    116 |     16 |      0 |     58 |   1 |  132.0 |
               +--------+--------+--------+--------+--------+-----+--------+

Top non-repeatable levels by time:
     D:4: 1448 daAuts
     D:5: 1414 daAuts
     D:8: 1326 daAuts
     D:1: 1168 daAuts
    D:10: 1075 daAuts
    D:11: 1057 daAuts
     D:3: 1016 daAuts
     D:7: 995 daAuts
     D:9: 792 daAuts
     D:2: 758 daAuts
     D:6: 752 daAuts
    D:12: 504 daAuts
  Temple: 132 daAuts
